 Dungeon Crawl Stone Soup version 0.24.0-13-gcf9b3192b9 (console) character file.

Game seed: 4311029674622784454, levelgen mode: deterministic

6734 casual the Martial Artist (level 10, -4/86 HPs)
             Began as a Pale Draconian Monk on Nov 8, 2019.
             Was a Priest of Cheibriados.
             Killed from afar by a manticore (6 damage)
             ... with a volley of spikes
             ... on level 12 of the Dungeon.
             The game lasted 00:17:33 (10957 turns).

casual the Martial Artist (Pale Draconian Monk)    Turns: 10957, Time: 00:17:34

Health: -4/86      AC: 14    Str: 21    XL:     10   Next: 75%
Magic:  9/13       EV: 21    Int: 22    God:    Cheibriados [***...]
Gold:   229        SH:  6    Dex: 22    Spells: 9/9 levels left

rFire    . . .     SeeInvis .     - Unarmed
rCold    + . .     Gourm    .   I - +0 buckler
rNeg     . . .     Faith    .   (armour unavailable)
rPois    .         Spirit   .   M - +2 hat
rElec    .         Reflect  .   N - +0 cloak
rCorr    .         Harm     .   l - +2 pair of gloves
MR       .....                  K - +0 pair of boots
Stlth    ++........             (no amulet)
HPRegen  0.24/turn              H - ring of protection from cold
MPRegen  0.13/turn              (no ring)

@: about to teleport, barbed spikes, very slightly contaminated, very slow
A: breathe steam, unfitting armour, cold-blooded, AC +7
a: Breathe Steam, Bend Time, Temporal Distortion, Renounce Religion


You were on level 12 of the Dungeon.
You worshipped Cheibriados.
Cheibriados was most pleased with you.
You were very hungry.

You visited 2 branches of the dungeon, and saw 11 of its levels.

You collected 506 gold pieces.
You spent 277 gold pieces at shops.

Inventory:

Hand Weapons
 b - a +0 spear
 t - a +0 trident
 y - a +5 morningstar
Missiles
 k - 6 silver javelins (quivered)
 r - 12 poisoned darts
 v - 6 throwing nets
 J - 16 boomerangs
Armour
 l - a +2 pair of gloves (worn)
 I - a +0 buckler (worn)
 K - a +0 pair of boots (worn)
 M - a +2 hat (worn)
 N - a +0 cloak (worn)
Magical Staves
 x - an uncursed staff of poison {unknown}
Jewellery
 c - a +2 ring of intelligence
 g - an uncursed ring of ice
 h - an uncursed ring of wizardry
 B - an uncursed amulet of guardian spirit
 H - a ring of protection from cold (left hand)
Wands
 f - a wand of enslavement (5)
 s - a wand of iceblast (2)
 w - a wand of disintegration (17)
 z - a wand of random effects (20)
 L - a wand of paralysis (7)
Scrolls
 i - 3 scrolls of remove curse
 m - a scroll of fog {unknown}
 o - a scroll of enchant armour
 u - a scroll of vulnerability {unknown}
 C - a scroll of magic mapping {unknown}
 D - a scroll of acquirement {unknown}
 E - 2 scrolls of identify
 G - a scroll of fear {unknown}
 O - a scroll of random uselessness {unknown}
Potions
 j - 2 potions of agility
 n - a potion of berserk rage {unknown}
 p - 3 potions of flight
 q - 2 potions of brilliance
 A - 2 potions of magic {unknown}
 F - a potion of might
Comestibles
 a - 21 rations


   Skills:
 + Level 7.0 Fighting
 + Level 9.6 Dodging
 - Level 1.7 Stealth
 - Level 5.3 Shields
 + Level 9.9 Unarmed Combat
 + Level 4.7 Invocations


You had 9 spell levels left.
You didn't know any spells.
Your spell library contained the following spells:

 Spells                   Type           Power        Failure   Level  Hunger
 Flame Tongue             Conj/Fire      #....        17%         1    ##.....
 Freeze                   Ice            #...         17%         1    ##.....
 Poisonous Vapours        Pois/Air       #.....       26%         2    ###....
 Throw Flame              Conj/Fire      #.....       26%         2    ###....
 Throw Frost              Conj/Ice       #.....       26%         2    ###....
 Conjure Flame            Conj/Fire      #.......     45%         3    ####...
 Inner Flame              Hex/Fire       #.......     45%         3    ####...
 Mephitic Cloud           Conj/Pois/Air  #.......     45%         3    ####...
 Ozocubu's Armour         Chrm/Ice       #.......     45%         3    ####...
 Sticky Flame             Conj/Fire      #.......     86%         4    #####..
 Summon Ice Beast         Ice/Summ       #.......     86%         4    #####..
 Throw Icicle             Conj/Ice       #.......     86%         4    #####..
 Fireball                 Conj/Fire      #.........   99%         5    ######.
 Freezing Cloud           Conj/Ice/Air   #.........   100%        6    #######
 Ring of Flames           Chrm/Fire      #.........   100%        7    #######


Dungeon Overview and Level Annotations

Branches:
Dungeon (9/15)             Temple (1/1) D:7
   Lair: D:8-11         Orc: D:9-12

Altars:
Ashenzari
Cheibriados
Dithmenos
Fedhas
Kikubaaqudgha
Ru
Sif Muna
Trog
Uskayaw
Vehumet
Xom
Yredelemnul
Zin
The Shining One

Shops:
D:4 :   D:5 ((*   D:7 [


Innate Abilities, Weirdness & Mutations

You can breathe blasts of scalding, opaque steam.
Your pale cyan-grey scales are hard. (AC +7)
You cannot fit into any form of body armour.
You are cold-blooded and may be slowed by cold attacks.


Message History

The manticore flicks its tail.
The volley of spikes misses you.
Your tengu conjurer gestures wildly while chanting.
Found a runed dagger and 9 gold pieces.
As you read the scroll of teleportation, it crumbles to dust.
You feel strangely unstable.
Something barely misses your tengu conjurer.
Your tengu conjurer blocks something's attack.
Something completely misses your tengu conjurer.
Something misses your tengu conjurer.
Your tengu conjurer blocks something's attack.
Your tengu conjurer barely misses something.
Your tengu conjurer pecks something.
Your tengu conjurer closely misses something.
Something misses your tengu conjurer. Something bites your tengu conjurer.
Something draws strength from your tengu conjurer's injuries!
The manticore flicks its tail.
The volley of spikes hits you.
The barbed spikes become lodged in your body.
You die...

█............█ ..
█............█....
.....███....█...
█. .███.███z.█.z
█..██Q*GH.██...█
█y...l..██..█
█.l.███...█..█
██..██:██..██
..█...+))=█.y@+
..██. ██)██..██
...█...███...█.
.█.█ $......██..
█.. █....[█ ...█
███.██ ...█ .███
..██ .. ██


You could see a shining eye shaped shifter, a manticore, a wyvern, a vampire
mosquito, a wight, a friendly tengu conjurer and a friendly battlesphere.

Vanquished Creatures
  Harold (D:7)
  A two-headed ogre (D:9)
  A troll (D:7)
  The ghost of MisterOstroum the Skirmisher, an amateur DsMo of Nemelex Xobeh (D:3)
  A hippogriff (D:8)
  4 yaks (D:9)
  2 chaos spawn (D:9)
  A wyvern (D:9)
  An orc warrior (D:9)
  5 sky beasts
  A black bear (D:7)
  5 ogres
  A phantom (D:8)
  6 centaurs
  A big kobold (D:7)
  6 bullfrogs
  A water moccasin zombie (D:6)
  A scorpion (D:5)
  A killer bee (D:9)
  4 howler monkeys
  4 wights (D:6)
  3 vampire bats (D:2)
  A crimson imp (D:7)
  A bullfrog zombie (D:5)
  A centaur skeleton (D:4)
  4 hounds
  3 orc priests
  3 jellies
  Ijyb (D:4)
  4 iguanas
  Terence (D:3)
  5 worker ants
  Natasha (thrice) (D:3)
  2 orc wizards
  2 hound skeletons
  A worker ant zombie (D:7)
  A howler monkey zombie (D:7)
  Robin (D:2)
  5 gnolls
  7 adders
  2 shadow imps
  An adder zombie (D:8)
  3 adder skeletons
  A worm (D:5)
  2 dart slugs
  4 leopard geckos
  15 orcs
  2 bat skeletons (D:2)
  3 bat zombies (D:2)
  8 giant cockroaches
  13 goblins
  13 hobgoblins
  11 jackals
  13 kobolds
  4 quokkas
  5 ball pythons
  A bat (D:1)
  4 frilled lizards
  2 jackal skeletons
  A leopard gecko skeleton (D:8)
  A leopard gecko zombie (D:9)
  4 rats
211 creatures vanquished.

Notes
Turn   | Place    | Note
-------+----------+-------------------------------------------
     0 | D:1      | casual the Draconian Monk began the quest for the Orb.
     0 | D:1      | Reached XP level 1. HP: 19/19 MP: 1/1
   290 | D:1      | Reached XP level 2. HP: 23/26 MP: 2/2
  1102 | D:2      | Reached XP level 3. HP: 25/31 MP: 3/3
  1244 | D:2      | Noticed Robin
  1289 | D:2      | Killed Robin
  1644 | D:2      | Reached XP level 4. HP: 38/38 MP: 4/4
  1967 | D:2      | Found an ancient bone altar of Kikubaaqudgha.
  1991 | D:2      | Reached XP level 5. HP: 34/45 MP: 5/5
  2664 | D:3      | Noticed Terence
  2927 | D:3      | Noticed Natasha
  2944 | D:3      | Killed Natasha
  2944 | D:3      | Reached skill level 5 in Unarmed Combat
  3023 | D:3      | Found a glowing golden altar of the Shining One.
  3023 | D:3      | Found a blossoming altar of Fedhas.
  3136 | D:3      | Noticed Natasha
  3148 | D:3      | Killed Natasha
  3148 | D:3      | Reached XP level 6. HP: 44/51 MP: 6/6
  3232 | D:3      | Noticed Natasha
  3242 | D:3      | Killed Natasha
  3358 | D:3      | Found a hide-covered altar of Uskayaw.
  3360 | D:3      | Found a shadowy altar of Dithmenos.
  3410 | D:3      | Found a sacrificial altar of Ru.
  3524 | D:4      | Noticed Ijyb
  3566 | D:4      | Reached skill level 5 in Dodging
  3923 | D:4      | Found Mirik's Book Emporium.
  4191 | D:4      | Your scales start taking on a pale cyan-grey colour.
  4191 | D:4      | Reached XP level 7. HP: 47/57 MP: 7/7
  4440 | D:3      | Killed Terence
  4460 | D:3      | Found a glowing golden altar of the Shining One.
  4460 | D:3      | Found a sacrificial altar of Ru.
  4540 | D:3      | Found a hide-covered altar of Uskayaw.
  4546 | D:3      | Found a shadowy altar of Dithmenos.
  4674 | D:3      | Found a runed translucent door.
  4675 | D:3      | Noticed MisterOstroum's ghost (amateur DsMo)
  4902 | D:4      | Killed Ijyb
  4946 | D:5      | Entered Level 5 of the Dungeon
  4981 | D:5      | Found Meaff's General Store.
  4986 | D:5      | Bought a +1 pair of gloves for 138 gold pieces
  5025 | D:5      | Found Uxzaik's Weapon Shop.
  5493 | D:5      | Found a shattered altar of Ashenzari.
  5567 | D:5      | Reached XP level 8. HP: 50/63 MP: 8/8
  5708 | D:5      | Found Deocwei's Antique Weapon Shop.
  6791 | D:7      | Noticed a troll
  6796 | D:7      | Killed a troll
  6948 | D:7      | Found a shimmering altar of Xom.
  7024 | D:7      | Reached XP level 9. HP: 65/71 MP: 9/9
  7309 | D:7      | Found Motomiq's Antique Armour Shoppe.
  7313 | D:7      | Found a staircase to the Ecumenical Temple.
  7339 | Temple   | Entered the Ecumenical Temple
  7371 | Temple   | Became a worshipper of Cheibriados the Contemplative
  7371 | Temple   | Reached * piety under Cheibriados
  7371 | Temple   | Reached ** piety under Cheibriados
  8000 | D:7      | Bought a buckler for 139 gold pieces
  8026 | D:8      | Noticed Harold
  8053 | D:7      | Reached skill level 1 in Shields
  8061 | D:7      | Killed Harold
  8061 | D:7      | Reached skill level 5 in Shields
  8323 | D:8      | Reached skill level 5 in Fighting
  8470 | D:8      | Reached skill level 1 in Invocations
  8633 | D:3      | Killed MisterOstroum's ghost
  8959 | D:8      | Reached XP level 10. HP: 65/81 MP: 11/11
  9216 | D:8      | Reached *** piety under Cheibriados
  9610 | D:9      | Found the +7 mace of Variability {chain chaos}
  9612 | D:9      | Found a shimmering altar of Xom.
 10014 | D:9      | Noticed a two-headed ogre
 10022 | D:9      | Killed a two-headed ogre
 10893 | D:9      | Reached **** piety under Cheibriados
 10943 | D:9      | You fall into a shaft and drop 3 floors!
 10945 | D:12     | Noticed a centaur warrior
 10947 | D:12     | Noticed a wizard
 10950 | D:12     | Noticed a storm dragon
 10950 | D:12     | Noticed an anaconda
 10951 | D:12     | Noticed a manticore
 10953 | D:12     | Noticed an anaconda
 10953 | D:12     | Noticed a shining eye
 10953 | D:12     | an anaconda changed into a shining eye
 10954 | D:12     | HP: 1/86 [manticore (9)]
 10957 | D:12     | Killed from afar by a manticore

Levels and vault maps discovered:
D:1:      dpeg_arrival_simpleton_c, layout_loops_ring, minmay_misc_feat_square
D:2:      layout_basic, kennysheep_vampire_church, minmay_worlds_worst_comb,
          uniq_robin
D:3:      layout_rooms, nicolae_overflow_hidden_temple, ebering_ghost_sewer_d,
          serial_curves, eino_curves_02, eino_curves_04, minmay_box_of_dots,
          uniq_natasha, uniq_terence
D:4:      layout_gridville, first_ration, serial_shops, shop, uniq_ijyb
D:5:      layout_loops_cross, serial_shops, shop, kennysheep_mini,
          nicolae_shop_trees, ashenzari_altar_1
D:6:      layout_loops_corners
D:7:      layout_loops_corners, minmay_temple_entry_wispy, basic_altar,
          serial_shops, nicolae_shop_behind_doors
D:8:      layout_loops_ring, uniq_harold
D:9:      minmay_the_grid_octo_2x2 [minmay_the_grid_octo_chip,
          minmay_the_grid_octo_horde, minmay_the_grid_octo_checkered,
          minmay_the_grid_octo_prize_star], layout_gridville, grunt_ogre_cave,
          minmay_guarded_unrand_variability
D:12:     minmay_smoke_and_mirrors, layout_grid_maze, erik_orc_4, serial_shops,
          shop, minmay_checkered_concentric_circles
Temple:   kb_temple_of_zot

Skill      XL: |  1  2  3  4  5  6  7  8  9 10 |
---------------+-------------------------------+-----
Dodging        | 3 4 5 6 8 9 |  9.6
Unarmed Combat | 4 5 6 7 8 9 |  9.9
Fighting       | 4 5 7 |  7.0
Shields        | 5 |  5.3
Invocations    | 2 4 |  4.7
Stealth        | |  1.7

Action                   |  1- 3 |  4- 6 |  7- 9 | 10-12 || total
-------------------------+-------+-------+-------+-------++-------
Melee: Unarmed           |   176 |   193 |   262 |    98 ||   729
       Tailslap          |    17 |    26 |    38 |    19 ||   100
       Punch             |     2 |     6 |     5 |       ||    13
Throw: Javelin           |       |       |     2 |     4 ||     6
Invok: Temporal Distorti |       |       |       |     1 ||     1
 Abil: Breathe Steam     |       |       |    37 |    16 ||    53
Evoke: Wand              |       |       |       |     8 ||     8
  Use: Potion            |     1 |       |     4 |       ||     5
       Scroll            |       |       |     8 |     4 ||    12
 Stab: Sleeping          |     3 |     3 |     5 |     3 ||    14
  Eat: Chunk             |     2 |     5 |    13 |     4 ||    24
       Ration            |       |     1 |     1 |       ||     2
Armor: Skin              |    50 |    59 |    62 |    16 ||   187
Dodge: Dodged            |   121 |   140 |   177 |   109 ||   547
Block: Buckler           |       |       |    23 |    37 ||    60
